 Dungeon Sprint DCSS version 0.28.0-53-g5a82cb258f (webtiles) character file.

Game seed: 12271696814174702954

744 Zeld the Transmogrifier (level 7, -2/63 HPs)
             Began as an Octopode Transmuter on June 10, 2022.
             Was a Believer of Sif Muna.
             Slain by a brown ugly thing (15 damage)
             ... in the Dungeon (Sprint IX: "|||||||||||||||||||||||||||||").
             The game lasted 00:01:04 (876 turns).

Zeld the Transmogrifier (Octopode Transmuter)        Turns: 876, Time: 00:01:04

Health: -2/63      AC:  5    Str: 14    XL:     7   Next: 76%
Magic:  15/19      EV: 10    Int: 15    God:    Sif Muna [**....]
Gold:   0          SH:  0    Dex: 13    Spells: 14/24 levels left

rFire   x . .      SeeInvis .     - Unarmed
rCold   + + +      Faith    .   (shield currently unavailable)
rNeg    . . .      Spirit   .   (helmet currently unavailable)
rPois   +          Reflect  .   (no amulet)
rElec   .          Harm     .   i - +2 ring of protection
rCorr   .          Rampage  .   j - +3 ring of strength
Will    .....      NoTele   +   (no ring)
Stlth   +.........              (no ring)
HPRegen 0.20/turn               (no ring)
MPRegen 0.16/turn               (no ring)
                                (no ring)
                                (no ring)

@: ice-form, wereblooded, corroded
A: freezing attack, boosted hp, almost no armour, amphibious, 8 rings, large,
(camouflage 1), (gelatinous body 1), (nimble swimmer 1), (tentacles)
a: End Transformation, Renounce Religion, Channel Magic


You were in the Dungeon.
You worshipped Sif Muna.
Sif Muna was pleased with you.
You were a creature of crystalline ice.
You visited 1 branch

Inventory:

Jewellery
 i - a +2 ring of protection (left front paw)
 j - a +3 ring of strength (right front paw)
Wands
 h - a wand of iceblast (7)
Scrolls
 f - 2 scrolls of blinking
 g - 2 scrolls of amnesia
Potions
 a - 5 potions of curing
 b - 3 potions of heal wounds
 c - a potion of haste
 d - 4 potions of magic
 e - a potion of invisibility


   Skills:
 + Level 6.7 Fighting
 - Level 2.0 Dodging
 + Level 7.3 Unarmed Combat
 * Level 9.0 Spellcasting
 * Level 9.8 Transmutations
 + Level 0.0 Invocations


You had 14 spell levels left.
You knew the following spells:

 Your Spells              Type           Power      Damage    Failure   Level
a - Beastly Appendage     Tmut           72%        N/A       1%          1
b - Wereblood             Tmut           36%        N/A       1%          2
c - Spider Form           Tmut/Pois      21%        N/A       4%          3
d - Ice Form              Ice/Tmut       21%        N/A       14%         4

Your spell library contained the following spells:

 Spells                   Type           Power      Damage    Failure   Level


Dungeon Overview and Level Annotations

Branches:
Dungeon (1/1)

Altars:
Cheibriados
Dithmenos
Elyvilon
Fedhas
Gozag
Hepliaklqana
Kikubaaqudgha
Makhleb
Nemelex Xobeh
Okawaru
Qazlal
Ru
Sif Muna
Trog
Uskayaw
Vehumet
Wu Jian
Xom
Yredelemnul
Zin
The Shining One
Beogh
Jiyva
Lugonu


Innate Abilities, Weirdness & Mutations

You are a creature of crystalline ice.
You have a powerful freezing melee attack.
Your maximum health is increased.
Your armour is entirely melded.
You are incapable of wielding weapons or throwing items.
You cannot wear most types of armour.
You are amphibious.
You can wear up to eight rings at the same time.
((Your skin changes colour to match your surroundings (Stealth+).))
((Your rubbery body absorbs attacks. (AC +1, EV +1)))
((You are camouflaged when in or above water. (Stealth+)))
((You have tentacles for arms and can constrict up to eight enemies at once.))


Message History

The gargoyle hits you with a +4 flail!
You hit the gargoyle. You freeze the gargoyle.
The gargoyle is moderately damaged.
Unknown command.
You are too injured to fight recklessly!
You punch the brown ugly thing! You freeze the brown ugly thing.
The brown ugly thing is lightly wounded.
The cyan ugly thing basks in the mutagenic energy from its kin and changes!
Unknown command.
You hit the brown ugly thing. You freeze the brown ugly thing.
The brown ugly thing is moderately wounded.
The brown ugly thing stings you but does no damage.
Unknown command.
You barely miss the brown ugly thing.
The brown ugly thing is moderately wounded.
The brown ugly thing stings you but does no damage.
Unknown command.
You barely miss the brown ugly thing.
The brown ugly thing is moderately wounded.
The brown ugly thing stings you. The acid corrodes you!
You are splashed with acid!
* * * LOW HITPOINT WARNING * * *
Unknown command.
You punch the brown ugly thing! You freeze the brown ugly thing.
The brown ugly thing is heavily wounded.
The brown ugly thing closely misses you.
Unknown command.
You hit the brown ugly thing but do no damage.
The brown ugly thing is heavily wounded.
The purple ugly thing basks in the mutagenic energy from its kin and changes!
The brown ugly thing barely misses you.
Unknown command.
You punch the brown ugly thing! You freeze the brown ugly thing.
The brown ugly thing is severely wounded.
The brown ugly thing barely misses you.
Unknown command.
You punch the brown ugly thing! You freeze the brown ugly thing.
The brown ugly thing is almost dead.
The brown ugly thing stings you!
You die...

▓.▓
▓R▓
▓u▓
▓u▓
▓D▓
▓9▓
▓u▓
▓Y▓
▓.▓
▓.▓
▓.▓
▓÷▓
▓)▓
▓'▓
▓(▓
▓.▓


You could see 3 ugly things, an efreet, an acid dragon and a gargoyle.

Vanquished Creatures
  A wyvern (D)
  A water moccasin (D)
  2 orc warriors (D)
  A necrophage (D)
  An ogre (D)
  A centaur (D)
  A wight (D)
  An adder (D)
  An adder zombie (D)
  A bat zombie (D)
  An endoplasm (D)
  2 giant cockroaches (D)
  A kobold (D)
  A bat (D)
16 creatures vanquished.

Notes
Turn   | Place    | Note
-------+----------+-------------------------------------------
     0 | D        | Zeld the Octopode Transmuter began the quest for the Orb.
     0 | D        | Reached XP level 1. HP: 13/13 MP: 3/3
   254 | D        | Noticed an ogre
   254 | D        | Noticed a water moccasin
   254 | D        | Noticed a necrophage
   259 | D        | Killed a necrophage
   260 | D        | Reached skill level 5 in Transmutations
   260 | D        | Reached XP level 2. HP: 10/21 MP: 3/7
   260 | D        | Reached XP level 3. HP: 12/26 MP: 3/9
   260 | D        | Reached XP level 4. HP: 15/31 MP: 3/10
   265 | D        | Killed a water moccasin
   266 | D        | Reached skill level 5 in Unarmed Combat
   266 | D        | Reached XP level 5. HP: 17/38 MP: 4/13
   269 | D        | Killed an ogre
   270 | D        | Reached skill level 5 in Fighting
   270 | D        | Reached XP level 6. HP: 20/45 MP: 4/16
   469 | D        | Learned a level 2 spell: Wereblood
   473 | D        | Learned a level 3 spell: Spider Form
   478 | D        | Learned a level 4 spell: Ice Form
   480 | D        | Found a snail-covered altar of Cheibriados.
   480 | D        | Found a shadowy altar of Dithmenos.
   480 | D        | Found a white marble altar of Elyvilon.
   480 | D        | Found a blossoming altar of Fedhas.
   480 | D        | Found an opulent altar of Gozag.
   481 | D        | Found a hazy altar of Hepliaklqana.
   482 | D        | Found a viscous altar of Jiyva.
   483 | D        | Found an ancient bone altar of Kikubaaqudgha.
   484 | D        | Found a corrupted altar of Lugonu.
   485 | D        | Found a burning altar of Makhleb.
   486 | D        | Found a sparkling altar of Nemelex Xobeh.
   487 | D        | Found an iron altar of Okawaru.
   488 | D        | Found a stormy altar of Qazlal.
   489 | D        | Found a sacrificial altar of Ru.
   490 | D        | Found a shimmering blue altar of Sif Muna.
   491 | D        | Found a bloodstained altar of Trog.
   492 | D        | Found a hide-covered altar of Uskayaw.
   493 | D        | Found a radiant altar of Vehumet.
   494 | D        | Found an ornate altar of the Wu Jian Council.
   495 | D        | Found a shimmering altar of Xom.
   496 | D        | Found a basalt altar of Yredelemnul.
   497 | D        | Found a glowing silver altar of Zin.
   498 | D        | Found a glowing golden altar of the Shining One.
   500 | D        | Became a worshipper of Sif Muna the Loreminder
   527 | D        | Noticed a wyvern
   527 | D        | Noticed an orc warrior
   527 | D        | Noticed an orc warrior
   538 | D        | Killed an orc warrior
   538 | D        | Reached * piety under Sif Muna
   539 | D        | Reached XP level 7. HP: 20/52 MP: 13/18
   544 | D        | Killed a wyvern
   548 | D        | Reached ** piety under Sif Muna
   865 | D        | Noticed an efreet
   865 | D        | Noticed a purple ugly thing
   865 | D        | Noticed a purple ugly thing
   865 | D        | Noticed a brown ugly thing
   865 | D        | Noticed a gargoyle
   876 | D        | Slain by a brown ugly thing

Illustrated notes

Levels and vault maps discovered:
D:        linesprint [early_d, line_temple, items_1, d_10, items_2, lair_1,
          lair_end, items_3, orc_1, orc_end, items_4, d_15, swamp_1, shoals_1,
          snake_1, spider_1, d_20, vaults_1, items_5, swamp_end, shoals_end,
          snake_end, spider_end, vaults_end, d_27, items_6, zot_1, zot_end,
          crypt_end, forest_end, elf_end, slime_end, tomb_end, abyss_end,
          pan_hell_end]

Skill      XL: |  1  2  3  4  5  6  7 |
---------------+----------------------+-----
Fighting       | 3 4 5 6 |  6.7
Unarmed Combat | 4 5 6 7 |  7.3
Spellcasting   | 4 6 7 8 9 |  9.0
Transmutations | 5 6 7 8 9 |  9.8
Dodging        | |  2.0

Action                   |  1- 3 |  4- 6 |  7- 9 || total
-------------------------+-------+-------+-------++-------
Melee: Unarmed           |    15 |    20 |    15 ||    50
       Kick              |     4 |     3 |       ||     7
       Constrict         |     4 |     2 |       ||     6
       Tentacles         |     3 |     1 |       ||     4
       Punch             |       |     1 |       ||     1
 Cast: Beastly Appendage |     2 |       |       ||     2
       Ice Form          |       |     1 |     1 ||     2
       Wereblood         |       |       |     1 ||     1
Evoke: Wand              |       |       |     3 ||     3
  Use: Potion            |       |     1 |       ||     1
 Stab: Sleeping          |     1 |       |       ||     1
Armor: Skin              |     1 |     5 |     5 ||    11
Dodge: Dodged            |     5 |    10 |     8 ||    23
